 Dungeon Crawl Stone Soup version 0.30-a0-25-gacc37e2db0 (webtiles) character file.

Game seed: 4331471486614065193

35 Ijustatesigmund the Digger (level 3, -4/19 HPs)
             Began as a Gargoyle Earth Elementalist on Aug 25, 2022.
             Killed from afar by a white imp (9 damage)
             ... with a puff of frost
             ... summoned by Natasha
             ... on level 2 of the Dungeon.
             The game lasted 00:02:11 (1325 turns).

Ijustatesigmund the Digger (GrEE)                   Turns: 1325, Time: 00:02:12

Health: -4/19      AC:  6    Str: 11    XL:     3   Next: 35%
Magic:  4/7        EV: 11    Int: 17    God:
Gold:   43         SH:  0    Dex: 10    Spells: 6/7 levels left

rFire   . . .      SeeInvis .    d - +0 short sword
rCold   . . .      Faith    .    (no shield)
rNeg    + . .      Spirit   .    a - +0 robe
rPois   ∞          Reflect  .    k - +0 helmet
rElec   +          Harm     .    (no cloak)
rCorr   .          Rampage  .    (no gloves)
Will    .....                    (no boots)
Stlth   ++........               (no amulet)
HPRegen 0.06/turn                (no ring)
MPRegen 0.10/turn                (no ring)

@: no status effects
A: sickness immunity, AC +3, negative energy resistance 1, electricity
resistance, torment resistance 1, petrification resistance
a: no special abilities


You were on level 2 of the Dungeon.
You visited 1 branch of the dungeon, and saw 2 of its levels.

You collected 43 gold pieces.

Inventory:

Hand Weapons
 d - a +0 short sword (weapon)
Armour
 a - a +0 robe (worn)
 k - a +0 helmet (worn)
Scrolls
 c - a scroll of vulnerability {unknown}
 f - a scroll of identify {unknown}
 i - a scroll of brand weapon {unknown}
 m - a scroll of magic mapping {unknown}
Potions
 b - a potion of magic
 e - a potion of curing {unknown}
 g - a potion of degeneration {unknown}
 h - a potion of cancellation {unknown}
 j - a potion of haste {unknown}
 l - a potion of invisibility {unknown}


   Skills:
 - Level 1.5 Dodging
 - Level 2.1 Stealth
 + Level 2.8 Spellcasting
 - Level 0.7 Transmutations
 + Level 4.5 Earth Magic


You had 6 spell levels left.
You knew the following spells:

 Your Spells              Type           Power      Damage    Failure   Level
a - Sandblast             Erth           34%        2d9       2%          1

Your spell library contained the following spells:

 Spells                   Type           Power      Damage    Failure   Level
 Passwall                 Tmut/Erth      9%         N/A       10%         2
 Stone Arrow              Conj/Erth      20%        3d8       22%         3
 Dazzling Flash           Conj/Hex       4%         N/A       47%         3
 Petrify                  Tmut/Erth      11%        N/A       52%         4
 Agony                    Necr           2%         N/A       99%         5
 Silence                  Hex/Air        1%         N/A       99%         5


Dungeon Overview and Level Annotations

Branches:
Dungeon (2/15)

Altars:

Annotations:
D:2 Natasha


Innate Abilities, Weirdness & Mutations

You are immune to sickness and miasma.
Your stone body is resilient. (AC +3)
You are immune to poison.
You resist negative energy. (rN+)
You are resistant to electric shocks. (rElec)
You are resistant to unholy torment.
You are immune to petrification.


Message History

Natasha, Servant of Life and Death comes into view.
A kobold comes into view. It is wielding a +0 whip.
Found a leather armour.
Casting: Sandblast (safe; 2% risk of failure)
Confirm with . or Enter, or press ? or * to list all spells.
You can't see any susceptible monsters within range! (Use Z to cast anyway.)
Casting: Sandblast (safe; 2% risk of failure)
Confirm with . or Enter, or press ? or * to list all spells.
You can't see any susceptible monsters within range! (Use Z to cast anyway.)
Found a great mace.
The kobold shouts!
Natasha hisses angrily.
Natasha stares at you and mumbles some strange words.
The magic dart hits you!
Casting: Sandblast (safe; 2% risk of failure)
Confirm with . or Enter, or press ? or * to list all spells.
Aiming: Sandblast (safe; 2% risk of failure)
Press: ? - help, Shift-Dir - straight line, f - kobold
Aim: a kobold, wielding a +0 whip (77% to hit)
The blast of sand hits the kobold!
You kill the kobold!
Natasha casts a spell.
Casting: Sandblast (safe; 2% risk of failure)
Confirm with . or Enter, or press ? or * to list all spells.
Aiming: Sandblast (safe; 2% risk of failure)
Press: ? - help, Shift-Dir - straight line, f - Natasha
Aim: Natasha (77% to hit)
The blast of sand misses Natasha.
The white imp gestures at you. The puff of frost hits you!
* * * LOW HITPOINT WARNING * * *
Casting: Sandblast (safe; 2% risk of failure)
Confirm with . or Enter, or press ? or * to list all spells.
Aiming: Sandblast (safe; 2% risk of failure)
Press: ? - help, Shift-Dir - straight line, f/p - Natasha
Aim: Natasha (77% to hit)
The blast of sand hits Natasha!
Natasha is heavily wounded.
The white imp gestures at you. The puff of frost hits you!
You die...

.......# ... #)......
..#. # #....... .....
#.#......# .....
#.#......#.)...#
#........#...5.#
####.#..##..h.<.#
........###@....#
....[.........>..# ##
............##.......
.##.................#[.#
......................##
.##................####
...............##..#
.##..........#.##....
........(.........##..


You could see Natasha and a white imp (summoned).

Vanquished Creatures
  A dart slug (D:1)
  2 bats (D:1)
  7 endoplasms (D:1)
  A giant cockroach (D:1)
  2 goblins (D:1)
  A hobgoblin (D:1)
  6 jackals (D:1)
  A ball python (D:1)
  2 frilled lizards
  4 kobolds
27 creatures vanquished.

Notes
Turn   | Place    | Note
-------+----------+-------------------------------------------
     0 | D:1      | Ijustatesigmund the Gargoyle Earth Elementalist began the
                  | quest for the Orb.
     0 | D:1      | Reached XP level 1. HP: 10/10 MP: 3/3
   126 | D:1      | Reached skill level 4 in Earth Magic
   126 | D:1      | Reached XP level 2. HP: 15/15 MP: 0/5
   280 | D:1      | Found a faded altar of an unknown god.
   779 | D:1      | Reached XP level 3. HP: 19/19 MP: 2/6
  1319 | D:2      | Noticed Natasha
  1325 | D:2      | Killed from afar by a white imp

Illustrated notes

Levels and vault maps discovered:
D:1:      psy_arrival_basics, layout_basic, ebering_ecumenical_altar_petrified
D:2:      minmay_angry_zag, layout_rooms, uniq_natasha

Skill      XL: |  1 |
---------------+----+-----
Earth Magic    | 4 |  4.5
Dodging        | |  1.5
Stealth        | |  2.1
Spellcasting   | |  2.8
Transmutations | |  0.7

Action                   || total
-------------------------++-------
Melee: Short sword       ||     3
 Cast: Sandblast         ||    37
Armor: Robe              ||     5
Dodge: Dodged            ||     7

Table legend: (Time is in decaauts)
 A = Elapsed time spent in this place.
 B = Non-inter-level travel time spent in this place.
 C = Inter-level travel time spent in this place.
 D = Time resting spent in this place.
 E = Time spent auto-exploring this place.
 F = Levels seen in this place.
 G = Mean time per level.
                   A        B        C        D        E       F      G
               +--------+--------+--------+--------+--------+-----+--------+
         Total |   1342 |   1334 |      8 |    299 |    880 |   2 |  671.0 |
       Dungeon |   1342 |   1334 |      8 |    299 |    880 |   2 |  671.0 |
               +--------+--------+--------+--------+--------+-----+--------+

Top non-repeatable levels by time:
     D:1: 1265 daAuts
     D:2: 77 daAuts
